 Dungeon Crawl Stone Soup version 0.29-a0-23-ga79f92ac9c (webtiles) character file.

Game seed: 6475878651521833747

65 bande the Covered (level 4, -4/29 HPs)
             Began as a Gargoyle Fighter on Jan 31, 2022.
             Slain by a worm (7 damage)
             ... on level 2 of the Dungeon.
             The game lasted 00:02:27 (1187 turns).

bande the Covered (Gargoyle Fighter)                Turns: 1187, Time: 00:02:28

Health: -4/29      AC: 10    Str: 20    XL:     4   Next: 14%
Magic:  4/4        EV:  9    Int:  8    God:
Gold:   32         SH:  5    Dex: 11    Spells: 3/3 levels left

rFire   . . .      SeeInvis .   a - +0 war axe
rCold   . . .      Faith    .   c - +1 buckler
rNeg    + . .      Spirit   .   b - +0 scale mail
rPois   ∞          Reflect  .   (no helmet)
rElec   +          Harm     .   (no cloak)
rCorr   .          Rampage  .   (no gloves)
Will    .....                   (no boots)
Stlth   ..........              (no amulet)
HPRegen 0.09/turn               (no ring)
MPRegen 0.09/turn               (no ring)

@: no status effects
A: sickness immunity, AC +3, negative energy resistance 1, electricity
resistance, torment resistance 1, petrification resistance
a: no special abilities


You were on level 2 of the Dungeon.
You visited 1 branch of the dungeon, and saw 2 of its levels.

You collected 32 gold pieces.

Inventory:

Hand Weapons
 a - a +0 war axe (weapon)
 k - a +0 war axe
Armour
 b - a +0 scale mail (worn)
 c - a +1 buckler (worn)
Jewellery
 i - a ring of magical power
Scrolls
 e - a scroll of magic mapping {unknown}
Potions
 d - a potion of might
 f - a potion of curing
 g - a potion of brilliance {unknown}
 h - a potion of ambrosia


   Skills:
 + Level 3.7 Fighting
 + Level 2.7 Axes
 + Level 3.9 Armour
 + Level 3.7 Shields


You had 3 spell levels left.
You didn't know any spells.
Your spell library contained the following spells:

 Spells                   Type           Power      Damage    Failure   Level
 Foxfire                  Conj/Fire      0%         2x1d4     85%         1
 Conjure Flame            Conj/Fire      0%         6-21      99%         3
 Inner Flame              Hex/Fire       0%         N/A       99%         3
 Flame Wave               Conj/Fire      0%         2d4       100%        4


Dungeon Overview and Level Annotations

Branches:
Dungeon (2/15)

Altars:


Innate Abilities, Weirdness & Mutations

You are immune to sickness and miasma.
Your stone body is resilient. (AC +3)
You are immune to poison.
You resist negative energy. (rN+)
You are resistant to electric shocks. (rElec)
You are resistant to unholy torment.
You are immune to petrification.


Message History

The stone closely misses you. You block the dart slug's attack.
The goblin shoots a stone.
The stone hits you but does no damage.
You hit the dart slug.
The dart slug is severely wounded.
The dart slug bites you but does no damage.
The goblin shoots a stone.
You block the stone.
You slash the dart slug!
You kill the dart slug!
The goblin shoots a stone.
The stone closely misses you.
Unknown command.
The goblin unwields a +0 hunting sling.
The goblin wields a +0 dagger.
The goblin hits you with a +0 dagger.
There is an open door, spattered with blood here.
Things that are here:
a +0 hand axe; a +1 chain mail of fire resistance; the human corpse of Terence You closely miss the goblin.
You slash the worm! You block the goblin's attack. The worm misses you.
You slash the goblin!
You kill the goblin!
You hit the worm. The worm bites you!
* * * LOW HITPOINT WARNING * * *
Things that are here:
a +0 dagger; a +0 hunting sling; 22 stones The worm barely misses you.
Things that are here:
a +0 dagger; a +0 hunting sling; 22 stones You barely miss the worm.
The worm is moderately wounded.
The worm bites you.
* * * LOW HITPOINT WARNING * * *
You hit the worm.
The worm is heavily wounded.
The worm bites you but does no damage.
You slash the worm!
The worm is almost dead.
You block the worm's attack.
You hit the worm.
The worm is almost dead.
The worm bites you!
You die...

#.#.##..........
##
#.#.##.#........
..
#.#.##.#........
#.
#.#.##.#########
##. #......#
...###...#####
######..........#
#.......##......+
#......@).......#
#......w###.....#
#.......#
#.......
#.......#
######...
#.......# ...
#.......#
#.......#
#.......#


You could see a worm.

Vanquished Creatures
  Terence (D:2)
  An adder (D:2)
  A dart slug (D:2)
  A bat (D:1)
  4 endoplasms
  4 goblins
  5 hobgoblins
  3 ball pythons (D:1)
  2 kobolds (D:1)
  4 rats (D:1)
26 creatures vanquished.

Notes
Turn   | Place    | Note
-------+----------+-------------------------------------------
     0 | D:1      | bande the Gargoyle Fighter began the quest for the Orb.
     0 | D:1      | Reached XP level 1. HP: 14/14 MP: 1/1
   240 | D:1      | Reached XP level 2. HP: 19/19 MP: 2/2
   242 | D:1      | Found a faded altar of an unknown god.
   948 | D:2      | Reached XP level 3. HP: 18/24 MP: 3/3
  1163 | D:2      | Noticed Terence
  1174 | D:2      | Killed Terence
  1175 | D:2      | Reached XP level 4. HP: 15/29 MP: 4/4
  1187 | D:2      | Slain by a worm

Illustrated notes

Levels and vault maps discovered:
D:1:      dpeg_arrival_signposts, layout_rooms, basic_ecumenical_altar,
          minmay_ruptured
D:2:      layout_basic, uniq_jessica, uniq_terence

Skill      XL: |  1  2 |
---------------+-------+-----
Axes           | 2 |  2.7
Fighting       | |  3.7
Armour         | |  3.9
Shields        | |  3.7

Action                   |  1- 3 |  4- 6 || total
-------------------------+-------+-------++-------
Melee: War axe           |    69 |     9 ||    78
  Use: Scroll            |     4 |       ||     4
Armor: Scale mail        |    43 |     3 ||    46
Dodge: Dodged            |    20 |     4 ||    24
Block: Buckler           |    21 |     4 ||    25

Table legend: (Time is in decaauts)
 A = Elapsed time spent in this place.
 B = Non-inter-level travel time spent in this place.
 C = Inter-level travel time spent in this place.
 D = Time resting spent in this place.
 E = Time spent auto-exploring this place.
 F = Levels seen in this place.
 G = Mean time per level.
                   A        B        C        D        E       F      G
               +--------+--------+--------+--------+--------+-----+--------+
         Total |   1220 |   1161 |     59 |      0 |    948 |   2 |  610.0 |
       Dungeon |   1220 |   1161 |     59 |      0 |    948 |   2 |  610.0 |
               +--------+--------+--------+--------+--------+-----+--------+

Top non-repeatable levels by time:
     D:1: 930 daAuts
     D:2: 290 daAuts
